 Dungeon Crawl Stone Soup version 0.27-a0-1525-g1038ab4fd7 (webtiles) character file.

Game seed: 1654364537989106748

19324 spiderkeys the Covert (level 12, -3/74 HPs)
             Began as an Octopode Abyssal Knight on July 11, 2021.
             Was the Champion of Lugonu.
             Slain by an ice devil (4 damage)
             ... in an ice cave.
             The game lasted 00:41:39 (13282 turns).

spiderkeys the Covert (Octopode Abyssal Knight)    Turns: 13282, Time: 00:41:40

Health: -3/74      AC:  1    Str: 12    XL:     12   Next: 67%
Magic:  17/19      EV: 22    Int: 17    God:    Lugonu [******]
Gold:   597        SH:  0    Dex: 25    Spells: 14/19 levels left

rFire    x . .     SeeInvis .   v - +8 Vampire's Tooth {vamp}
rCold    + + .     Faith    .   (no shield)
rNeg     . . .     Spirit   .   (helmet restricted)
rPois    .         Reflect  .   g - amulet of regeneration
rElec    .         Harm     .   F - ring of protection from fire
rCorr    .         Rampage  .   c - ring of ice
Will     .....                  D - +6 ring of dexterity
Stlth    +++++++...             d - +6 ring of dexterity
HPRegen  1.22/turn              C - ring of ice
MPRegen  0.16/turn              (no ring)
                                (no ring)
                                (no ring)

@: about to teleport, slowed, very slow
A: almost no armour, amphibious, 8 rings, camouflage 1, gelatinous body 1,
(nimble swimmer 1), tentacles
a: Renounce Religion, Depart the Abyss, Bend Space, Banish, Corrupt, Enter the
Abyss, Brand Weapon With Distortion


You were in an ice cave.
You worshipped Lugonu.
Lugonu was exalted by your worship.
You visited 1 branch of the dungeon, and saw 12 of its levels.
You visited the Abyss 1 time.
You also visited: Bailey and Ice Cave.

You collected 1507 gold pieces.
You spent 910 gold pieces at shops.


Innate Abilities, Weirdness & Mutations

You cannot wear most types of armour.
You are amphibious.
You can wear up to eight rings at the same time.
Your skin changes colour to match your surroundings (Stealth+).
Your rubbery body absorbs attacks. (AC +1, EV +1)
((You are camouflaged near water. (Stealth+)))
You have tentacles for arms and can constrict up to eight enemies at once.


   Skills:
 - Level 4.1 Fighting
 + Level 8.9 Short Blades
 - Level 2.2 Polearms
 + Level 9.9 Dodging
 + Level 12.4 Stealth
 - Level 4.0 Spellcasting
 - Level 5.2 Hexes
 - Level 5.2 Ice Magic
 + Level 10.5 Invocations


You had 14 spell levels left.
You knew the following spells:

 Your Spells              Type           Power      Damage    Failure   Level
e - Ensorcelled Hibernat  Hex/Ice        94%        N/A       2%          2
o - Ozocubu's Armour      Ice            47%        N/A       5%          3

Your spell library contained the following spells:

 Spells                   Type           Power      Damage    Failure   Level
 Corona                   Hex            23%        N/A       1%          1
 Slow                     Hex            21%        N/A       2%          2
 Confusing Touch          Hex            21%        N/A       5%          3
 Frozen Ramparts          Ice            94%        1d11      5%          3
 Tukima's Dance           Hex            21%        N/A       5%          3
 Apportation              Tloc           6%         N/A       16%         1
 Sting                    Tmut/Pois      12%        1d3       16%         1
 Poisonous Vapours        Pois/Air       6%         N/A       24%         2
 Ice Form                 Ice/Tmut       27%        N/A       47%         4
 Summon Ice Beast         Ice/Summ       27%        N/A       47%         4
 Olgreb's Toxic Radiance  Pois           3%         N/A       83%         4
 Yara's Violent Unravell  Hex/Tmut       6%         3d5       83%         5
 Invisibility             Hex            10%        N/A       96%         6
 Alistair's Intoxication  Tmut/Pois      2%         N/A       99%         5
 Blade Hands              Tmut           1%         N/A       99%         5
 Iron Shot                Conj/Erth      1%         9d1       100%        6
 Ozocubu's Refrigeration  Ice            23%        4d9       100%        7
 Animate Armour           Summ/Erth      Unusable   N/A       N/A         4

Inventory:

Hand Weapons
 i - a +2 short sword of electrocution
   (You took it off a kobold brigand on level 10 of the Dungeon)
 v - the +8 Vampire's Tooth (weapon) {vamp}
   (You bought it in a shop on level 1 of the Dungeon)

   It inflicts no extra harm, but heals its wielder when it wounds a living foe.
 x - the +6 spear of Wer Ylem {flame, rC+ Will+ Str+2 Stlth-}
   (You found it on level 6 of the Dungeon)

   It has been specially enchanted to burn those struck by it, causing extra
   injury to most foes and up to half again as much damage against particularly
   susceptible opponents.
   Str:       It affects your strength (+2).
   rC:        It protects you from cold.
   Will:      It increases your willpower.
   Stlth:     It makes you less stealthy.
 L - a +0 dagger of distortion
   (You took it off Psyche on level 8 of the Dungeon)
 M - a +0 rapier of venom
   (You found it on level 10 of the Dungeon)
Missiles
 e - 73 sling bullets
 m - 146 poisoned darts
 r - 50 bolts
 u - 150 arrows
 E - 4 throwing nets {=f!f}
 G - 321 stones
 J - 68 boomerangs
 O - 7 curare-tipped darts {=f}
 P - 2 javelins
Armour
 l - a +0 buckler
   (You found it on level 10 of the Dungeon)
Magical Staves
 K - a staff of air {!a}
   (You found it on level 8 of the Dungeon)
Jewellery
 c - a ring of ice (right tentacle)
   (You found it on level 7 of the Dungeon)
 d - a +6 ring of dexterity (on tentacle)
   (You found it on level 9 of the Dungeon)
 g - an amulet of regeneration (around mantle)
   (You found it on level 7 of the Dungeon)
 C - a ring of ice (on tentacle)
   (You took it off an orc on level 4 of the Dungeon)
 D - a +6 ring of dexterity (on tentacle)
   (You found it on level 7 of the Dungeon)
 F - a ring of protection from fire (left tentacle)
   (You found it on level 7 of the Dungeon)
Wands
 q - a wand of polymorph (8)
   (You found it on level 8 of the Dungeon)
 y - a wand of flame (2)
   (You found it on level 6 of the Dungeon)
Scrolls
 a - 3 scrolls of fog
 b - a scroll of silence {!r}
 f - 5 scrolls of amnesia
 n - 3 scrolls of fear
 w - 2 scrolls of teleportation {@r4}
 H - 2 scrolls of vulnerability {!r!r}
 S - 2 scrolls of magic mapping {!r}
Potions
 h - a potion of might {unknown}
 j - 2 potions of attraction {unknown}
 k - 4 potions of curing {@q1}
 o - 2 potions of haste {unknown}
 p - a potion of magic {unknown}
 s - a potion of cancellation {unknown}
 t - 2 potions of invisibility {unknown}
 z - 2 potions of lignification {unknown}
 A - 3 potions of brilliance {unknown}
 B - 3 potions of resistance {unknown}
 I - 4 potions of mutation {unknown}
 Q - a potion of ambrosia {unknown}
Miscellaneous
 N - a condenser vane
   (You found it in a bailey)

Dungeon Overview and Level Annotations

Branches:
Dungeon (12/15)            Temple (0/1) D:7            Lair (0/6) D:10
    Orc (0/2) D:12         Bailey (visited)           IceCv (1/1)

Altars:
Dithmenos
Kikubaaqudgha
Qazlal
Sif Muna
Trog
Vehumet
Wu Jian
The Shining One

Shops:
D:1 [!(*   D:8 (

Annotations:
D:4 1 runed translucent door, Crazy Yiuf
D:7 atabob's ghost, novice DsGl
D:9 exclusion: ice statue

#.####...####.#
###..#...#4.###
#โŒ )##'##(โŒ #
###'#...#(##
#...#...#...
###.###...###.###
#...#.#...#.#..(#
#'###'#...#'###(#
#.#.'.....@.'.#.#
#.###.8...84###.#
#.#.'......W'.#.#
#.###.8...8.###.#
#.'...........'.#
#.###.8...8.###.#
#.#.'.......'.#ยง#
#.###.8...8.###.#
#.#.'.......'.#.#


You could see an ice devil and a freezing wraith.


Message History

The freezing wraith completely misses you. ๐Ÿ˜จ HP[+3]
You regained 3 hp, and now have 31/74 hp.
You hit the freezing wraith.
The freezing wraith completely misses you.
The freezing wraith closely misses you.
You feel yourself speed up. ๐Ÿ˜จ HP[+2]
You regained 2 hp, and now have 33/74 hp. ๐Ÿ˜จ HP[+1] MP[+1]
Your mp is fully restored (19).
Throw: 4 javelins
Press: ? - help, Shift-Dir - straight line, f/p - freezing wraith
Aim: a freezing wraith (severely damaged, 66% to hit)
You throw a javelin.
The javelin pierces through the freezing wraith but does no damage.
The javelin pierces through the ice devil but does no damage.
The freezing wraith closely misses you.
The freezing wraith completely misses you.
The freezing wraith closely misses you.
The freezing wraith completely misses you. ๐Ÿ˜จ HP[+2]
You regained 2 hp, and now have 36/74 hp.
Throw: 3 javelins
Press: ? - help, Shift-Dir - straight line, f/p - freezing wraith
Aim: a freezing wraith (severely damaged, 66% to hit)
You throw a javelin.
The javelin pierces through the freezing wraith but does no damage.
The javelin barely misses the ice devil.
The freezing wraith misses you. The freezing wraith hits you!
* * * LOW HITPOINT WARNING * * *
The freezing wraith drains your vigour!
You feel yourself slow down. ๐Ÿ˜จ HP[-10]
You take 10 damage, and now have 26/74 hp.
Space bends around you!
You blink.
The freezing wraith closely misses you. The freezing wraith hits you.
* * * LOW HITPOINT WARNING * * *
The freezing wraith drains your vigour!
You feel as though you will be slow longer.
The ice devil closely misses you. The freezing wraith closely misses you.
The freezing wraith misses you. ๐Ÿ˜จ HP[-5] MP[-1]
You take 5 damage, and now have 21/74 hp.
You lost 1 mp, and now have 18/19 mp.
The ice devil barely misses you. ๐Ÿ˜จ HP[+1]
You feel much better. The ice devil hits you. The ice devil freezes you!
You resist.
* * * LOW HITPOINT WARNING * * *
๐Ÿ˜จ HP[+10]
You regained 10 hp, and now have 32/74 hp.
You hit the ice devil but do no damage. You grab the ice devil.
You constrict the ice devil, but do no damage.
The ice devil closely misses you. ๐Ÿ˜จ HP[+1]
You hit the ice devil.
You constrict the ice devil, but do no damage.
You hit the ice devil but do no damage.
You constrict the ice devil, but do no damage.
The ice devil hits you!
* * * LOW HITPOINT WARNING * * *
The ice devil freezes you. You resist.
* * * LOW HITPOINT WARNING * * *
๐Ÿ˜ฑ HP[-16] MP[+1]
You take 16 damage, and now have 17/74 hp.
MASSIVE DAMAGE!! (PAUSE)
Your mp is fully restored (19).
You release your grip on the ice devil. ๐Ÿ˜จ HP[+2]
You regained 2 hp, and now have 19/74 hp.
Space bends sharply around you!
The ice devil blinks!
You blink. ๐Ÿ˜จ MP[-1]
You lost 1 mp, and now have 18/19 mp.
Space bends around you!
You blink. ๐Ÿ˜จ MP[-1]
You lost 1 mp, and now have 17/19 mp.
Space bends around you!
You blink.
The ice devil closely misses you. ๐Ÿ˜ฑ HP[-1] MP[-1]
You take 1 damage, and now have 18/74 hp.
You lost 1 mp, and now have 16/19 mp. ๐Ÿ˜จ HP[+2] MP[+1]
You regained 2 hp, and now have 20/74 hp.
As you read the scroll of teleportation {@r4}, it crumbles to dust.
You feel strangely unstable. The ice devil hits you!
* * * LOW HITPOINT WARNING * * *
The ice devil freezes you. You resist.
* * * LOW HITPOINT WARNING * * *
๐Ÿ˜ฑ HP[-14]
You take 14 damage, and now have 6/74 hp.
The ice devil hits you!
* * * LOW HITPOINT WARNING * * *
The ice devil freezes you. You resist.
You die...

Skill      XL: |  1  2  3  4  5  6  7  8  9 10 11 12 |
---------------+-------------------------------------+-----
Stealth        | 1 2 3 4 5 8 9 11 12 | 12.4
Dodging        | 3 4 5 6 8 9 |  9.9
Invocations    | 3 4 6 7 8 9 10 | 10.5
Fighting       | 4 |  4.1
Short Blades   | 1 2 4 5 6 8 |  8.9
Ice Magic      | 1 2 4 5 |  5.2
Hexes          | 1 3 5 |  5.2
Spellcasting   | 1 4 |  4.0
Polearms       | |  2.2

Action                   |  1- 3 |  4- 6 |  7- 9 | 10-12 || total
-------------------------+-------+-------+-------+-------++-------
Melee: Spear             |    74 |    96 |       |       ||   170
       Constrict         |    12 |    26 |    35 |    92 ||   165
       Tentacles         |     6 |    24 |    34 |   265 ||   329
       Quick blade       |       |    36 |   193 |   807 ||  1036
       Short sword       |       |       |       |    37 ||    37
Throw: Dart              |       |    19 |     4 |    10 ||    33
       Boomerang         |       |       |       |     2 ||     2
       Javelin           |       |       |       |    21 ||    21
 Cast: Ensorcelled Hiber |       |       |    17 |     8 ||    25
       Ozocubu's Armour  |       |       |       |     7 ||     7
Invok: Depart the Abyss  |     1 |       |       |       ||     1
       Bend Space        |       |     2 |     1 |    10 ||    13
       Banish            |       |       |       |     1 ||     1
Evoke: Wand              |       |       |     3 |    18 ||    21
  Use: Scroll            |       |     6 |       |    10 ||    16
       Potion            |       |       |     1 |     3 ||     4
 Stab: Sleeping          |    11 |    14 |    13 |    31 ||    69
       Distracted        |       |     2 |       |     2 ||     4
Armor: Skin              |     5 |     4 |     7 |    25 ||    41
Dodge: Dodged            |    29 |    52 |   102 |   411 ||   594

Levels and vault maps discovered:
D:1:      erik_arrival_blinker_ship, layout_rooms, serial_shops, shop, shop,
          shop_fountains, nicolae_shop_statue_plus, shop,
          dreamdust_ecumenical_altar_grove
D:2:      layout_loops_ring, kennysheep_nondescript
D:3:      layout_rooms, trog_antimagical, mainiacjoe_overflow_paths,
          serial_bayou, serial_bayou_pond_e, serial_bayou_pond_b,
          serial_bayou_crossing, serial_bayou_pond_e, kennysheep_cluttered_room
D:4:      layout_rooms, grunt_temple_overflow_magic_moments,
          mainiacjoe_overflow_chevrons, mainiacjoe_overflow_surrounded_room,
          minivault_5, uniq_crazy_yiuf_cottage
D:5:      layout_layer_cave
D:6:      layout_rooms, eino_small_chamber_without_monster,
          hangedman_abyss_or_decor_stabs, palyth_stone_intersect,
          serial_park_tiny_2, uniq_duvessa
D:7:      layout_loops_ring, grunt_dithmenos_smoke, minmay_temple_entry_wispy,
          gammafunk_ghost_stat_death, uniq_pikel
D:8:      layout_loops_ring, kennysheep_small_circle, uniq_psyche
D:9:      layout_long_grid, minivault_1, minivault_16, st_stairs_12,
          library_closet
D:10:     layout_roguey [special_room_kobold], minmay_lair_entry_grove,
          serial_rivers, chequers_serial_rivers_room_b,
          chequers_serial_rivers_micro_a, chequers_serial_rivers_small_b,
          chequers_serial_rivers_micro_d, chequers_serial_rivers_micro_e,
          chequers_serial_rivers_room_b, minivault_16
D:11:     layout_rooms, enter_bailey_3
D:12:     layout_long_grid, orc_0_dummy, serial_shops, shop_fountains,
          portal_ice_cave_rime, uniq_frances
IceCv:    ice_cave_tombish

Notes
Turn   | Place    | Note
-------+----------+-------------------------------------------
     0 | Abyss:1  | spiderkeys the Octopode Abyssal Knight began the quest for
                  | the Orb.
     0 | Abyss:1  | Reached XP level 1. HP: 16/16 MP: 2/2
     0 | Abyss:1  | magus.rc [v1.9.10]
    17 | Abyss:1  | You add the spells Ozocubu's Armour and Ozocubu's
                  | Refrigeration to your library.
   112 | Abyss:1  | Noticed a ynoxinul
   125 | Abyss:1  | Noticed an emperor scorpion zombie
   128 | Abyss:1  | Noticed a small abomination
   130 | D:1      | You pass through the gate.
   130 | D:1      | Escaped the Abyss
   252 | D:1      | Found Elereng's Armour Emporium.
   261 | D:1      | Found Ujumin's Antique Armour Shop.
   266 | D:1      | Reached XP level 2. HP: 21/21 MP: 3/3
   285 | D:1      | Found Bouxzayg's Distillery.
   323 | D:1      | Reached skill level 1 in Stealth
   364 | D:1      | Found a faded altar of an unknown god.
   527 | D:1      | You pick up a book of Maledictions and begin reading...
   527 | D:1      | You add the spells Corona, Ensorcelled Hibernation and
                  | Tukima's Dance to your library.
   542 | D:1      | Found Vebumuedd's General Store.
   546 | D:1      | Reached * piety under Lugonu
   639 | D:1      | Reached XP level 3. HP: 24/26 MP: 4/4
   663 | D:1      | Found Okyj's Weapon Boutique.
   866 | D:2      | Reached skill level 2 in Stealth
  1097 | D:2      | Reached XP level 4. HP: 31/31 MP: 6/6
  1596 | D:3      | Reached skill level 3 in Dodging
  1706 | D:3      | Found a glowing golden altar of the Shining One.
  1961 | D:3      | Reached skill level 3 in Invocations
  1965 | D:3      | Reached ** piety under Lugonu
  2019 | D:3      | Found a bloodstained altar of Trog.
  2276 | D:3      | Reached skill level 3 in Stealth
  2276 | D:3      | Reached XP level 5. HP: 29/37 MP: 7/7
  2852 | D:4      | Found a runed translucent door.
  2852 | D:4      | Noticed Crazy Yiuf
  2995 | D:4      | Found a stormy altar of Qazlal.
  3056 | D:4      | HP: 8/37 [gnoll (6)]
  3057 | D:4      | Reached skill level 4 in Fighting
  3057 | D:4      | Reached XP level 6. HP: 10/43 MP: 8/8
  3350 | D:4      | Identified a scroll of acquirement
  3350 | D:4      | Acquired 592 gold pieces
  3446 | D:1      | Bought the +8 Vampire's Tooth {vamp} for 660 gold pieces
  3446 | D:1      | Found the +8 Vampire's Tooth {vamp}
  3451 | D:1      | Learned a level 2 spell: Ensorcelled Hibernation
  3562 | D:4      | Found an ornate altar of the Wu Jian Council.
  3643 | D:4      | Found an ancient bone altar of Kikubaaqudgha.
  3663 | D:4      | Found a shimmering blue altar of Sif Muna.
  3665 | D:4      | Found a radiant altar of Vehumet.
  3670 | D:4      | Got Sif Muna's Disquisition on Transmigration
  3873 | D:4      | Reached skill level 4 in Stealth
  4102 | D:5      | Entered Level 5 of the Dungeon
  4124 | D:5      | Noticed a necrophage
  4217 | D:6      | Reached skill level 1 in Short Blades
  4217 | D:6      | Reached skill level 1 in Ice Magic
  4217 | D:6      | Reached skill level 4 in Invocations
  4222 | D:6      | Reached skill level 4 in Dodging
  4222 | D:6      | Identified the +6 spear of Wer Ylem {flame, rC+ Will+ Str+2
                  | Stlth-}
  4430 | D:6      | Noticed Dowan
  4431 | D:6      | Noticed Duvessa
  4562 | D:5      | Noticed a sky beast
  4569 | D:5      | Reached XP level 7. HP: 30/48 MP: 10/10
  4704 | D:5      | Reached skill level 2 in Short Blades
  4704 | D:5      | Reached skill level 5 in Stealth
  4704 | D:5      | Reached skill level 2 in Ice Magic
  4988 | D:5      | Reached XP level 8. HP: 54/54 MP: 7/11
  5097 | D:5      | Reached skill level 3 in Ice Magic
  5097 | D:5      | Reached skill level 5 in Invocations
  5228 | D:5      | Reached skill level 3 in Short Blades
  5234 | D:5      | Reached skill level 5 in Dodging
  5657 | D:5      | You pick up a book of Misfortune and begin reading...
  5657 | D:5      | You add the spells Slow, Confusing Touch and Yara's Violent
                  | Unravelling to your library.
  6045 | D:5      | Learned a level 3 spell: Ozocubu's Armour
  6547 | D:6      | Killed Duvessa
  6551 | D:6      | Killed Dowan
  6551 | D:6      | Reached *** piety under Lugonu
  6552 | D:6      | Reached skill level 4 in Ice Magic
  6766 | D:7      | Reached skill level 4 in Short Blades
  6766 | D:7      | Reached skill level 6 in Invocations
  6795 | D:7      | Reached XP level 9. HP: 58/58 MP: 13/13
  6801 | D:7      | Reached skill level 6 in Stealth
  7134 | D:7      | Noticed Pikel
  7169 | D:6      | Reached skill level 6 in Dodging
  7217 | D:7      | Killed Pikel
  7218 | D:7      | Reached skill level 5 in Ice Magic
  7310 | D:7      | Found a transporter.
  7310 | D:7      | Noticed atabob's ghost (novice DsGl)
  7353 | D:7      | Found a shadowy altar of Dithmenos.
  7360 | D:7      | Found a staircase to the Ecumenical Temple.
  7379 | D:7      | Noticed a troll
  7385 | D:7      | Killed a troll
  7386 | D:7      | Reached skill level 5 in Short Blades
  7386 | D:7      | Reached skill level 7 in Stealth
  7422 | D:7      | Reached skill level 7 in Invocations
  7708 | D:7      | Found a transporter.
  7903 | D:8      | You pick up a book of Party Tricks and begin reading...
  7903 | D:8      | You add the spells Apportation, Alistair's Intoxication and
                  | Invisibility to your library.
  7962 | D:8      | Reached skill level 8 in Stealth
  7962 | D:8      | Reached skill level 1 in Hexes
  7962 | D:8      | Reached XP level 10. HP: 63/63 MP: 15/15
  8062 | D:8      | Reached skill level 7 in Dodging
  8351 | D:8      | Noticed Psyche
  8363 | D:8      | Killed Psyche
  8395 | D:8      | Reached skill level 2 in Hexes
  8403 | D:8      | Reached skill level 6 in Short Blades
  8578 | D:8      | Found Hiew's Weapon Emporium.
  8581 | D:8      | Reached **** piety under Lugonu
  8905 | D:1      | Bought a crude buckler for 180 gold pieces
  8905 | D:1      | Identified the -3 buckler of Autumn {rPois rF+ rC-} (You
                  | bought it in a shop on level 1 of the Dungeon)
  8922 | D:1      | Bought a potion of heal wounds for 70 gold pieces
  9196 | D:9      | Noticed an ice statue
  9348 | D:8      | Reached skill level 9 in Stealth
  9365 | D:8      | Reached skill level 8 in Invocations
  9528 | D:9      | Reached skill level 3 in Hexes
  9561 | D:9      | Noticed a cyclops
  9567 | D:9      | Killed a cyclops
  9616 | D:9      | You add the spells Poisonous Vapours and Olgreb's Toxic
                  | Radiance to your library.
  9848 | D:9      | Reached skill level 8 in Dodging
  9848 | D:9      | Reached XP level 11. HP: 68/69 MP: 17/17
  9860 | D:9      | Reached skill level 7 in Short Blades
  9860 | D:9      | Reached skill level 4 in Hexes
 10253 | D:10     | Entered Level 10 of the Dungeon
 10273 | D:10     | Reached skill level 10 in Stealth
 10383 | D:10     | Reached ***** piety under Lugonu
 10447 | D:10     | Reached skill level 9 in Invocations
 10539 | D:10     | HP: 11/69 [something (9)]
 10681 | D:10     | Found a staircase to the Lair.
 10804 | D:10     | Reached skill level 5 in Hexes
 10886 | D:10     | Reached skill level 11 in Stealth
 11119 | D:10     | Reached skill level 8 in Short Blades
 11148 | D:10     | Reached skill level 9 in Dodging
 11711 | D:11     | Reached skill level 1 in Spellcasting
 11769 | D:11     | Found a flagged portal.
 11801 | Bailey   | Entered a bailey
 11941 | Bailey   | Noticed an orc knight
 11944 | Bailey   | Killed an orc knight
 11945 | Bailey   | Reached XP level 12. HP: 74/74 MP: 19/19
 11965 | Bailey   | Reached skill level 2 in Spellcasting
 12044 | Bailey   | You pick up a book of Iron and begin reading...
 12044 | Bailey   | You add the spells Blade Hands and Iron Shot to your
                  | library.
 12154 | D:11     | Noticed a two-headed ogre
 12158 | D:11     | Killed a two-headed ogre
 12159 | D:11     | Reached skill level 10 in Invocations
 12217 | D:11     | Reached skill level 3 in Spellcasting
 12276 | D:11     | You pick up a book of Rime and begin reading...
 12276 | D:11     | You add the spells Frozen Ramparts, Ice Form and Summon Ice
                  | Beast to your library.
 12556 | D:12     | Found a frozen archway.
 12574 | D:12     | Reached skill level 12 in Stealth
 12581 | IceCv    | Entered an ice cave
 12659 | IceCv    | Reached ****** piety under Lugonu
 12872 | IceCv    | Reached skill level 4 in Spellcasting
 12986 | IceCv    | HP: 16/74 [dire elephant simulacrum (12)]
 13275 | IceCv    | HP: 17/74 [ice devil (3)]
 13281 | IceCv    | HP: 11/74 [ice devil (11)]
 13282 | IceCv    | HP: 1/74 [ice devil (7)]
 13282 | IceCv    | Slain by an ice devil

Vanquished Creatures
  A two-headed ogre (D:11)
  Pikel (D:7)
  An orc knight (Bailey)
  A cyclops (D:9)
  2 ice statues (IceCv)
  A centaur zombie (D:11)
  2 rime drakes (D:12)
  Psyche (D:8)
  A kobold demonologist (D:10)
  2 anaconda simulacra (IceCv)
  A freezing wraith (IceCv)
  2 ice devils (IceCv)
  4 trolls
  A hornet (D:11)
  A vampire (D:10)
  A shadow (D:11)
  3 wyverns
  2 dire elephant simulacra (IceCv)
  2 wraiths
  22 yaks
  A steam dragon (D:8)
  A basilisk (D:10)
  5 harpy simulacra (IceCv)
  8 vampire mosquitoes (D:11)
  An acid dragon (D:10)
  3 water moccasins
  Duvessa (D:6)
  9 orc warriors
  2 ice beasts
  A sky beast (D:5)
  3 ogres
  3 centaurs
  3 necrophages
  3 lemures (D:6)
  22 kobold brigands (D:10)
  A gnoll sergeant (D:8)
  3 scorpions
  2 bullfrogs
  Dowan (D:6)
  20 killer bees
  4 wights (D:8)
  A howler monkey (D:9)
  A jelly (D:8)
  A quasit (D:7)
  A hound (D:6)
  A gnoll shaman (D:6)
  7 orc priests
  2 centaur skeletons
  5 iguanas
  6 orc wizards
  A polar bear simulacrum (IceCv)
  A spriggan simulacrum (IceCv)
  A killer bee zombie (D:8)
  A hound skeleton (D:5)
  A howler monkey zombie (D:8)
  15 gnolls
  2 adders (D:2)
  3 naga simulacra (IceCv)
  3 white imps
  An ufetubus (IceCv)
  An adder zombie (D:5)
  3 worms
  A dart slug (D:4)
  30 orcs
  7 ball pythons
  10 endoplasms
  5 giant cockroaches
  6 hobgoblins
  9 jackals
  A quokka (D:1)
  3 bats (D:3)
  6 frilled lizards
  16 goblins
  35 kobolds
  7 rats
343 creatures vanquished.

Vanquished Creatures (collateral kills)
  A centaur zombie (D:9)
  A gnoll shaman (D:9)
  4 gnolls (D:9)
6 creatures vanquished.

Vanquished Creatures (others)
  A killer bee (D:8)
  A bush (D:10)
  3 fungi
  15 plants (D:10)
20 creatures vanquished.

Grand Total: 369 creatures vanquished

Table legend:
 A = Non-vault XP
 B = Vault XP
 C = Vault XP percentage of total XP
 D = Non-vault monster count
 E = Vault monster count
 F = Vault count percentage of total count
                 A         B        C        D         E       F
            +---------+---------+-------+---------+---------+-------
      Total |   15476 |   12131 |  43.9 |     239 |     109 |  31.3
            +---------+---------+-------+---------+---------+-------
        D:1 |      38 |       0 |   0.0 |      25 |       0 |   0.0
        D:2 |      60 |       0 |   0.0 |      20 |       0 |   0.0
        D:3 |      67 |      34 |  33.7 |      16 |       4 |  20.0
        D:4 |     222 |       0 |   0.0 |      13 |       0 |   0.0
        D:5 |    1071 |       0 |   0.0 |      26 |       0 |   0.0
        D:6 |     649 |     216 |  25.0 |      13 |       2 |  13.3
        D:7 |    1360 |     652 |  32.4 |      15 |       2 |  11.8
        D:8 |    1618 |     554 |  25.5 |      34 |       4 |  10.5
        D:9 |    3095 |      25 |   0.8 |      23 |       1 |   4.2
       D:10 |    3317 |    4377 |  56.9 |      31 |      37 |  54.4
       D:11 |    3979 |       8 |   0.2 |      23 |       4 |  14.8
       D:12 |       0 |     800 | 100.0 |       0 |       2 | 100.0
     Bailey |       0 |    1202 | 100.0 |       0 |      32 | 100.0
      IceCv |       0 |    4263 | 100.0 |       0 |      21 | 100.0
            +---------+---------+-------+---------+---------+-------

Illustrated notes

Table legend:
 A = Kills in this place as a percentage of kills in entire the game.
 B = Kills by you in this place as a percentage of kills by you in the entire game.
 C = Kills by friends in this place as a percentage of kills by friends in the entire game.
 D = Other kills in this place as a percentage of other kills in the entire game.
 E = Experience gained in this place as a percentage of experience gained in the entire game.
 F = Experience gained in this place divided by the number of levels of this place that you have seen.
                   A       B       C       D       E      F
               +-------+-------+-------+-------+-------+----------------------
         Total | 100.0 | 100.0 | 100.0 | 100.0 | 100.0 | 1840.5
       Dungeon |  84.8 |  84.7 | 100.0 |  50.0 |  80.2 | 1845.2
        Bailey |   9.2 |   9.4 |   0.0 |   0.0 |   4.4 | 1202.0
      Ice Cave |   6.0 |   5.9 |   0.0 |  50.0 |  15.4 | 4263.0
               +-------+-------+-------+-------+-------+----------------------

Table legend: (Time is in decaauts)
 A = Elapsed time spent in this place.
 B = Non-inter-level travel time spent in this place.
 C = Inter-level travel time spent in this place.
 D = Time resting spent in this place.
 E = Time spent auto-exploring this place.
 F = Levels seen in this place.
 G = Mean time per level.
                   A        B        C        D        E       F      G
               +--------+--------+--------+--------+--------+-----+--------+
         Total |  12670 |  11611 |   1059 |   1240 |   7503 |  15 |  844.7 |
       Dungeon |  11720 |  10661 |   1059 |   1021 |   7288 |  12 |  976.7 |
         Abyss |    130 |    130 |      0 |      0 |    111 |   1 |  130.0 |
        Bailey |    225 |    225 |      0 |      0 |     62 |   1 |  225.0 |
      Ice Cave |    594 |    594 |      0 |    219 |     42 |   1 |  594.0 |
               +--------+--------+--------+--------+--------+-----+--------+

Top non-repeatable levels by time:
     D:5: 1567 daAuts
     D:3: 1444 daAuts
     D:4: 1245 daAuts
     D:6: 1166 daAuts
    D:10: 1144 daAuts
     D:9: 1045 daAuts
     D:7: 964 daAuts
     D:8: 928 daAuts
     D:2: 861 daAuts
     D:1: 761 daAuts
   IceCv: 594 daAuts
    D:11: 544 daAuts
  Bailey: 225 daAuts
 Abyss:1: 130 daAuts
    D:12: 46 daAuts
